 Dungeon Crawl Stone Soup version 0.20-a0-268-gb6bde61 (webtiles) character file.

2849 tboon the Cleaver (level 10, -6/79 HPs)
             Began as a Formicid Fighter on Dec 5, 2016.
             Was an Initiate of Okawaru.
             Mangled by an orc warrior
             ... wielding a +2 scimitar of slicing
              (9 damage)
             ... on level 8 of the Dungeon on Dec 6, 2016.
             The game lasted 00:21:01 (7155 turns).

tboon the Cleaver (Formicid Fighter)                Turns: 7155, Time: 00:21:02

Health: -6/79      AC: 15    Str: 21    XL:     10   Next: 4%
Magic:  10/10      EV:  7    Int:  8    God:    Okawaru [......]
Gold:   452        SH: 10    Dex: 13    Spells: 9/9 levels left

rFire  . . .     SeeInvis +     a - +0 war axe
rCold  + . .     Gourm    .     q - +0 plate armour
rNeg   . . .     Faith    .     c - +0 shield
rPois  .         Spirit   .     (helmet unavailable)
rElec  .         Reflect  .     (no cloak)
rCorr  .         Harm     .     (no gloves)
MR     +....                    (no boots)
Stlth  ..........               (no amulet)
                                h - ring of protection from cold {rC+, !d}
                                d - +3 ring of protection

@: lethally poisoned (-6 -> -9)
A: permanent stasis, dig shafts and tunnels, four strong arms, antennae 3, beak
a: Dig, Shaft Self, Renounce Religion


You were on level 8 of the Dungeon.
You worshipped Okawaru.
Okawaru was noncommittal.
You were not hungry.

You visited 2 branches of the dungeon, and saw 9 of its levels.

You collected 452 gold pieces.

Inventory:

Hand Weapons
 a - a +0 war axe (weapon)
Armour
 c - a +0 shield (worn)
 q - a +0 plate armour (worn)
   (You found it on level 4 of the Dungeon)
Jewellery
 d - a +3 ring of protection (left hand)
   (You found it on level 3 of the Dungeon)
 h - a ring of protection from cold (right hand) {rC+, !d}
   (You found it on level 6 of the Dungeon)
 z - a +2 ring of protection
   (You found it on level 5 of the Dungeon)
Wands
 n - a wand of iceblast (6/15)
   (You found it on level 7 of the Dungeon)
 y - a wand of slowing (11/48)
   (You found it on level 5 of the Dungeon)
 C - a wand of disintegration (7/24)
   (You found it on level 7 of the Dungeon)
Scrolls
 i - 5 scrolls of remove curse
 j - a scroll of enchant weapon {unknown}
 s - a scroll of immolation {unknown}
 t - 2 scrolls of magic mapping {unknown}
 v - 2 scrolls of identify
 x - a scroll of noise {unknown}
Potions
 b - a potion of agility
 k - 2 potions of brilliance
 l - 2 potions of flight
 m - a potion of heal wounds
 o - 2 potions of cancellation
 p - 4 potions of resistance
Comestibles
 f - 3 bread rations
 g - 4 meat rations
 A - 6 chunks of flesh
 B - 2 royal jellies


   Skills:
 + Level 7.5 Fighting
 * Level 9.4 Axes
 + Level 5.4 Armour
 + Level 3.1 Dodging
 - Level 6.5 Shields


You had 9 spell levels left.
You didn't know any spells.

Dungeon Overview and Level Annotations

Branches:
Dungeon (8/15)             Temple (1/1) D:7
   Lair: D:8-11

Altars:
Ashenzari
Cheibriados
Dithmenos
Elyvilon
Fedhas
Gozag
Kikubaaqudgha
Makhleb
Nemelex Xobeh
Okawaru
Qazlal
Ru
Sif Muna
Trog
Uskayaw
Vehumet
Xom
Yredelemnul
Zin
The Shining One
Lugonu


Innate Abilities, Weirdness & Mutations

You cannot be hasted, slowed, berserked, paralysed or teleported.
You can dig through walls and to a lower floor.
Your four strong arms can wield two-handed weapons with a shield.
You have a pair of large antennae on your head. (SInv)
You have a beak for a mouth.


Message History

You slash the howler monkey!
You kill the howler monkey!
Okawaru accepts your kill. The ogre closely misses you.
You block the orc's attack. The orc warrior barely misses you.
You hit the ogre but do no damage. You peck the ogre.
The ogre is severely wounded.
You slash the orc!
You kill the orc!
Okawaru accepts your kill.
You closely miss the orc warrior.
The howler monkey hoots and howls with incredible vigour!
You block the ogre's attack.
A jackal comes into view.
The jackal barks!
You hear an angry buzzing noise. x3; You hear a bark! x2
You hear an angry buzzing noise.
You hear a shout!
You hear an angry buzzing noise.
You hear a shout!
You hear an angry buzzing noise. x3
Some of the chunks of flesh in your inventory have rotted away.
A leopard gecko comes into view.
The leopard gecko hisses angrily.
You hit the ogre but do no damage. You peck the ogre.
The ogre is severely wounded.
You slash the orc warrior! You block the orc warrior's attack.
You block the ogre's attack. 2 killer bees come into view.
You slash the ogre!
You kill the ogre!
Okawaru accepts your kill.
You have reached level 10!
You hit the killer bee.
Your plate armour prevents you from hitting the orc warrior.
You slash the howler monkey!
The killer bee stings you but does no damage. x2
The howler monkey hits you but does no damage.
You block the orc warrior's attack. The killer bee barely misses you.
A jackal, a killer bee and a sky beast come into view.
You slash the orc warrior! You peck the orc warrior.
The orc warrior is severely wounded.
You closely miss the howler monkey. You miss the killer bee.
The killer bee barely misses you.
The howler monkey hoots and howls with incredible vigour!
The orc warrior hits you with a scimitar of slicing!
* * * LOW HITPOINT WARNING * * *
x2 You block the killer bee's attack.
You block the howler monkey's attack.
You hear an angry buzzing noise. x3
You hit the orc warrior but do no damage.
You peck the orc warrior, but do no damage.
The orc warrior is severely wounded.
You hit the killer bee. You slash the killer bee! You slash the howler monkey!
You kill the howler monkey!
Okawaru accepts your kill.
The killer bee stings you but does no damage.
You block the killer bee's attack. x3
The killer bee stings you but does no damage.
The orc warrior hits you but does no damage.
A jackal comes into view.
You hit the orc warrior. Your peck misses the orc warrior.
The orc warrior is almost dead.
You closely miss the killer bee. You slash the killer bee!
You closely miss the killer bee.
The killer bee stings you but does no damage.
The killer bee barely misses you. The killer bee stings you.
* * * LOW HITPOINT WARNING * * *
The killer bee stings you but does no damage.
The killer bee closely misses you. You block the killer bee's attack.
You block the orc warrior's attack.
You closely miss the orc warrior. You peck the orc warrior.
The orc warrior is almost dead.
You hit the killer bee. You closely miss the killer bee.
You miss the killer bee. You hit the killer bee. You closely miss the jackal.
The killer bee stings you.
* * * LOW HITPOINT WARNING * * *
The killer bee completely misses you.
The killer bee stings you but does no damage. x4
You block the killer bee's attack.
The jackal bites you but does no damage.
You block the killer bee's attack.
The orc warrior hits you with a scimitar of slicing.
* * * LOW HITPOINT WARNING * * *
x2 A jackal and a skeleton come into view.
The jackal barks!
You hit the orc warrior but do no damage.
Your peck misses the orc warrior.
The orc warrior is almost dead.
You hit the jackal. You hit the killer bee.
You kill the killer bee!
Okawaru accepts your kill.
You miss the killer bee. x3; The killer bee closely misses you.
The killer bee stings you.
* * * LOW HITPOINT WARNING * * *
You are poisoned.
The killer bee poisons you! The killer bee stings you.
* * * LOW HITPOINT WARNING * * *
You block the jackal's attack.
The killer bee stings you but does no damage.
You block the killer bee's attack.
The killer bee stings you but does no damage.
The orc warrior hits you with a scimitar of slicing!
You die...

.................
##................
##.................
...................
...................
...................
.........Y.)......#
......)oy(.........
......)@yl..Z......
.....!hhy..........
.........h...[.....
.?.................
.....#.............
.....#.......h.....
.... ##...........
.%.. ##.....?...


You could see an orc warrior, a sky beast, 3 killer bees, a leopard gecko, 4
jackals and a bullfrog skeleton.

Vanquished Creatures
  The ghost of haplo13 the Basher, a novice GrFi of Uskayaw (D:7)
  Pikel (D:7)
  Duvessa (D:7)
  A slave (D:7)
  An ice beast (D:6)
  4 ogres
  The ghost of TheTick the Cudgeler, an amateur DsGl (D:3)
  A centaur (D:8)
  2 bullfrogs
  Dowan (D:7)
  A scorpion (D:4)
  2 killer bees (D:8)
  4 howler monkeys
  5 crimson imps
  2 bullfrog zombies (D:6)
  An orc wizard (D:4)
  3 hounds
  Ijyb (D:3)
  Jessica (D:3)
  Terence (D:3)
  5 worker ants
  3 worker ant zombies
  9 adders
  A howler monkey skeleton (D:5)
  2 oozes
  An adder skeleton (D:5)
  A worm (D:3)
  A dart slug (D:4)
  3 leopard geckos
  11 orcs
  2 ball pythons
  6 bats
  3 giant cockroaches
  5 goblins
  6 hobgoblins
  11 jackals
  3 quokkas
  7 frilled lizards
  A jackal skeleton (D:7)
  5 kobolds
  A leopard gecko skeleton (D:4)
  A leopard gecko zombie (D:8)
  6 rats
  A withered plant (D:7)
130 creatures vanquished.

Vanquished Creatures (others)
  A slave (D:7)
1 creature vanquished.

Grand Total: 131 creatures vanquished

Notes
Turn   | Place    | Note
-------+----------+-------------------------------------------
     0 | D:1      | tboon the Formicid Fighter began the quest for the Orb.
     0 | D:1      | Reached XP level 1. HP: 18/18 MP: 1/1
    37 | D:1      | Reached XP level 2. HP: 16/24 MP: 2/2
   511 | D:1      | Reached XP level 3. HP: 29/29 MP: 3/3
   714 | D:2      | Reached skill level 3 in Axes
  1220 | D:2      | Reached XP level 4. HP: 32/37 MP: 4/4
  1252 | D:2      | Found an ancient bone altar of Kikubaaqudgha.
  1561 | D:2      | Reached skill level 4 in Shields
  1641 | D:3      | Noticed Jessica
  1649 | D:3      | Killed Jessica
  1649 | D:3      | Reached skill level 4 in Fighting
  1649 | D:3      | Reached XP level 5. HP: 42/42 MP: 5/5
  1671 | D:3      | Noticed an ogre
  1684 | D:3      | Killed an ogre
  1684 | D:3      | Reached skill level 4 in Axes
  1945 | D:3      | Noticed Ijyb
  1980 | D:3      | Killed Ijyb
  1980 | D:3      | Reached XP level 6. HP: 47/49 MP: 6/6
  2004 | D:3      | Noticed TheTick's ghost (amateur DsGl)
  2014 | D:3      | Killed TheTick's ghost
  2014 | D:3      | Reached skill level 5 in Axes
  2361 | D:3      | Found a shimmering altar of Xom.
  2363 | D:3      | Found a shadowy altar of Dithmenos.
  2365 | D:3      | Found a glowing golden altar of the Shining One.
  2365 | D:3      | Found a blossoming altar of Fedhas.
  2366 | D:3      | Found a hide-covered altar of Uskayaw.
  2367 | D:3      | Found a white marble altar of Elyvilon.
  2369 | D:3      | Found a burning altar of Makhleb.
  2503 | D:3      | Noticed Terence
  2514 | D:3      | Killed Terence
  2514 | D:3      | Reached skill level 5 in Shields
  2712 | D:4      | Reached XP level 7. HP: 37/55 MP: 7/7
  2725 | D:4      | Reached skill level 5 in Fighting
  3174 | D:4      | Reached skill level 6 in Axes
  3611 | D:4      | HP: 5/56 [ogre/giant club (10)]
  3612 | D:4      | Reached XP level 8. HP: 5/63 MP: 8/8
  4113 | D:5      | Entered Level 5 of the Dungeon
  4208 | D:5      | Found a glowing silver altar of Zin.
  4216 | D:5      | Reached skill level 6 in Shields
  4815 | D:5      | Reached skill level 7 in Axes
  5006 | D:6      | Reached skill level 6 in Fighting
  5631 | D:7      | Found a basalt altar of Yredelemnul.
  5636 | D:7      | Noticed haplo13's ghost (novice GrFi)
  5659 | D:7      | HP: 15/64 [haplo13's ghost (2)]
  5669 | D:7      | HP: 6/64 [haplo13's ghost (8)]
  5767 | D:6      | Upgraded the game from 0.20-a0-266-gdedccd6 to 0.20-a0-268-gb6bde61
  5989 | D:7      | HP: 10/64 [haplo13's ghost (11)]
  5994 | D:7      | HP: 4/64 [haplo13's ghost (1)]
  5997 | D:7      | Killed haplo13's ghost
  5997 | D:7      | Reached skill level 8 in Axes
  5997 | D:7      | Reached skill level 4 in Armour
  5997 | D:7      | Reached skill level 2 in Dodging
  5997 | D:7      | Reached XP level 9. HP: 4/71 MP: 9/9
  6498 | D:7      | Found a snail-covered altar of Cheibriados.
  6587 | D:7      | Noticed Pikel
  6593 | D:7      | Killed Pikel
  6593 | D:7      | Reached skill level 7 in Fighting
  6656 | D:7      | Noticed Duvessa
  6671 | D:7      | Killed Duvessa
  6671 | D:7      | Reached skill level 9 in Axes
  6673 | D:7      | Noticed Dowan
  6681 | D:7      | Killed Dowan
  6681 | D:7      | Reached skill level 5 in Armour
  6812 | D:7      | Found a stormy altar of Qazlal.
  6918 | D:7      | Found a sacrificial altar of Ru.
  6960 | D:7      | Found a staircase to the Ecumenical Temple.
  6966 | Temple   | Entered the Ecumenical Temple
  6998 | Temple   | Became a worshipper of Warmaster Okawaru
  7082 | D:7      | Gained mutation: You have a beak for a mouth. [potion of beneficial mutation]
  7138 | D:8      | Reached skill level 3 in Dodging
  7150 | D:8      | Reached XP level 10. HP: 35/79 MP: 10/10
  7151 | D:8      | HP: 18/79 [orc warrior/scimitar of slicing (2)]
  7155 | D:8      | HP: 7/79 [killer bee (2)]
  7155 | D:8      | HP: 3/79 [killer bee (4)]
  7155 | D:8      | Mangled by an orc warrior

Vault maps used:
D:1:      onia_arrival_pentagram
D:2:      kiku_gazebo_pond_becter
D:3:      minitemple, first_bread, uniq_jessica, uniq_iyjb, uniq_terence
D:4:      minmay_door_path
D:5:      old_standard_altar
D:7:      marbit_many_paths, yredelemnul_altar_generic,
          nicolae_qazlal_eye_of_the_storm, lemuel_coloured_pillars_altar,
          serial_glass, glass_columns_c, glass_columns_b, glass_columns_b,
          glass_columns_a, glass_columns_b, glass_columns_c, uniq_duvessa,
          uniq_pikel
D:8:      nicolae_overflow_crystal_walls, david_nohive_1
Temple:   corrupted_temple

Skill      XL: |  1  2  3  4  5  6  7  8  9 |
---------------+----------------------------+-----
Axes           | 3 4 5 6 8 9 |  9.4
Shields        | 4 5 6 |  6.5
Fighting       | 4 5 6 7 |  7.5
Armour         | 4 5 |  5.4
Dodging        | 2 3 |  3.1

Action                   |  1- 3 |  4- 6 |  7- 9 | 10-12 || total
-------------------------+-------+-------+-------+-------++-------
Melee: War axe           |   121 |   123 |   338 |     5 ||   587
       Peck              |       |       |     4 |     3 ||     7
Evoke: Wand              |       |       |     2 |       ||     2
  Use: Scroll            |       |     4 |    10 |       ||    14
       Potion            |       |     1 |     4 |       ||     5
  Eat: Chunk             |     1 |     5 |     6 |       ||    12
       Fruit             |       |       |     4 |       ||     4
       Beef jerky        |       |       |     1 |       ||     1
       Bread ration      |       |       |     1 |       ||     1
Armor: Scale mail        |    57 |    36 |       |       ||    93
       Chain mail        |       |     1 |    36 |       ||    37
       Plate armour      |       |       |   123 |    15 ||   138
Dodge: Dodged            |    35 |    32 |    74 |     6 ||   147
Block: Shield            |    69 |    62 |   153 |    12 ||   296

Vault maps used:
D:1:      onia_arrival_pentagram
D:2:      kiku_gazebo_pond_becter
D:3:      minitemple, first_bread, uniq_jessica, uniq_iyjb, uniq_terence
D:4:      minmay_door_path
D:5:      old_standard_altar
D:7:      marbit_many_paths, yredelemnul_altar_generic,
          nicolae_qazlal_eye_of_the_storm, lemuel_coloured_pillars_altar,
          serial_glass, glass_columns_c, glass_columns_b, glass_columns_b,
          glass_columns_a, glass_columns_b, glass_columns_c, uniq_duvessa,
          uniq_pikel
D:8:      nicolae_overflow_crystal_walls, david_nohive_1
Temple:   corrupted_temple

Table legend:
 A = Turns spent in this place as a percentage of turns spent in the entire game.
 B = Non-inter-level travel turns spent in this place as a percentage of non-inter-level travel turns spent in the entire game.
 C = Inter-level travel turns spent in this place as a percentage of turns spent in this place.
 D = Turns resting spent in this place as a percentage of non-inter-level travel turns spent in this place.
 E = Turns spent auto-exploring this place as a percentage of non-inter-level travel turns spent in this place.
 F = Non-inter-level travel turns spent in this place divided by the number of levels of this place that you've seen.
                   A       B       C       D       E      F
               +-------+-------+-------+-------+-------+----------------------
         Total | 100.0 | 100.0 |   0.6 |   4.3 |  14.1 | 162.0
       Dungeon |  98.8 |  98.9 |   0.6 |   4.4 |  13.9 | 180.2
        Temple |   1.2 |   1.1 |   5.9 |   0.0 |  37.5 |  16.0
               +-------+-------+-------+-------+-------+----------------------

Table legend:
 A = Kills in this place as a percentage of kills in entire the game.
 B = Kills by you in this place as a percentage of kills by you in the entire game.
 C = Kills by friends in this place as a percentage of kills by friends in the entire game.
 D = Other kills in this place as a percentage of other kills in the entire game.
 E = Experience gained in this place as a percentage of experience gained in the entire game.
 F = Experience gained in this place divided by the number of levels of this place that you have seen.
                   A       B       C       D       E      F
               +-------+-------+-------+-------+-------+----------------------
         Total | 100.0 | 100.0 |  -nan |  -nan | 100.0 | 452.3
       Dungeon | 100.0 | 100.0 |  -nan |  -nan | 100.0 | 508.9
               +-------+-------+-------+-------+-------+----------------------
